 Dungeon Crawl Stone Soup version 0.27-a0-898-g810843a28d (webtiles) character file.

Game seed: 9776842859915489227

29 Lanoc the Grasshopper (level 3, -3/29 HPs)
             Began as a Palentonga Warper on Apr 6, 2021.
             Slain by a kobold
             ... wielding a +2 short sword of speed
              (4 damage)
             ... on level 2 of the Dungeon.
             The game lasted 00:01:33 (1274 turns).

Lanoc the Grasshopper (Palentonga Warper)           Turns: 1274, Time: 00:01:33

Health: -3/29      AC:  4    Str: 14    XL:     3   Next: 1%
Magic:  1/6        EV:  9    Int: 14    God:
Gold:   59         SH:  0    Dex:  9    Spells: 4/6 levels left

rFire    . . .     SeeInvis +   a - +0 falchion
rCold    . . .     Faith    .   (no shield)
rNeg     . . .     Spirit   .   b - +0 leather armour
rPois    .         Reflect  .   (no helmet)
rElec    .         Harm     .   (no cloak)
rCorr    .         Rampage  .   (no gloves)
Will     .....                  (no barding)
Stlth    +.........             (no amulet)
HPRegen  0.09/turn              (no ring)
MPRegen  0.10/turn              (no ring)

@: no status effects
A: large, rugged brown scales 3, see invisible, deformed body, roll 1, armoured
tail
a: Rolling Charge


You were on level 2 of the Dungeon.
You visited 1 branch of the dungeon, and saw 2 of its levels.

You collected 59 gold pieces.

Inventory:

Hand Weapons
 a - a +0 falchion (weapon)
Missiles
 e - 2 boomerangs of dispersal (quivered)
 g - 24 sling bullets
Armour
 b - a +0 leather armour (worn)
Scrolls
 d - a scroll of blinking
 f - a scroll of enchant armour {unknown}
 i - a scroll of amnesia {unknown}
Potions
 c - a potion of degeneration {unknown}
 h - 2 potions of attraction {unknown}


   Skills:
 + Level 2.3 Fighting
 + Level 2.3 Long Blades
 - Level 0.6 Throwing
 - Level 0.7 Armour
 + Level 1.9 Dodging
 - Level 2.0 Spellcasting
 * Level 3.5 Translocations


You had 4 spell levels left.
You knew the following spells:

 Your Spells              Type           Power      Damage    Failure   Level
b - Blink                 Tloc           N/A        N/A       11%         2

Your spell library contained the following spells:

 Spells                   Type           Power      Damage    Failure   Level
 Gell's Gravitas          Tloc           5%         N/A       22%         3
 Lesser Beckoning         Tloc           5%         N/A       22%         3
 Teleport Other           Tloc           11%        N/A       22%         3
 Confusing Touch          Hex            1%         N/A       65%         3
 Petrify                  Tmut/Erth      1%         N/A       96%         4
 Manifold Assault         Tloc           11%        N/A       89%         5
 Metabolic Englaciation   Hex/Ice        0%         N/A       100%        5
 Yara's Violent Unravell  Hex/Tmut       0%         3d3       100%        5


Dungeon Overview and Level Annotations

Branches:
Dungeon (2/15)

Altars:


Innate Abilities, Weirdness & Mutations

You are completely covered in rugged brown scales. (AC +3, +7% HP)
You have supernaturally acute eyesight. (SInv)
Armour fits poorly on your strangely shaped body.
You can roll at nearby foes to attack.
You have a long armoured tail.


Message History

You kill the giant cockroach!
You feel sick. The adder bites you.
You have reached level 3!
Your experience leads to an increase in your attributes!
Increase (S)trength, (I)ntelligence, or (D)exterity?
You feel clever.
Casting: Blink (safe; 11% risk of failure)
Confirm with . or Enter, or press ? or * to list all spells.
You don't have enough magic to cast this spell.
Throw: 5 boomerangs (disperse)
Press: ? - help, Q - select action, (/) - cycle Shift-Dir - straight line, f - adder
Aim: an adder (32% to hit)
You throw a boomerang of dispersal.
The boomerang of dispersal barely misses the adder.
You feel sick. The adder bites you but does no damage.
The kobold hits you with a +2 short sword of speed.
* * * LOW HITPOINT WARNING * * *
The adder bites you.
* * * LOW HITPOINT WARNING * * *
Throw: 4 boomerangs (disperse)
Press: ? - help, Q - select action, (/) - cycle Shift-Dir - straight line, f/p - adder
Aim: an adder (32% to hit)
You throw a boomerang of dispersal.
The boomerang of dispersal closely misses the adder.
You feel sick.
A quokka comes into view.
The kobold hits you with a +2 short sword of speed.
* * * LOW HITPOINT WARNING * * *
The adder completely misses you. The kobold closely misses you.
Throw: 3 boomerangs (disperse)
Press: ? - help, Q - select action, (/) - cycle Shift-Dir - straight line, f/p - adder
Aim: an adder (32% to hit)
You throw a boomerang of dispersal.
The boomerang of dispersal misses the adder.
You feel sick.
You are no longer poisoned.
The adder bites you.
* * * LOW HITPOINT WARNING * * *
The kobold hits you with a +2 short sword of speed.
You die...

#.# $. #.# #### .##
#.# #.. ...
###.###.#####..#
.....<#.....#..###
#............... >
#...K..............
#..@S......###.....
#........r.<.......
#...........#####..
#............^
#..........##.#
#..........# .#
#..!.......# .
..######..## .# ###
... #


You could see an adder, a quokka and a kobold.

Vanquished Creatures
  2 dart slugs (D:1)
  A bat (D:1)
  An endoplasm (D:1)
  4 giant cockroaches
  A goblin (D:1)
  4 hobgoblins (D:1)
  3 quokkas (D:1)
  A ball python (D:1)
  A frilled lizard (D:1)
  A kobold (D:1)
  3 rats (D:1)
22 creatures vanquished.

Notes
Turn   | Place    | Note
-------+----------+-------------------------------------------
     0 | D:1      | Lanoc the Palentonga Warper began the quest for the Orb.
     0 | D:1      | Reached XP level 1. HP: 17/17 MP: 3/3
   103 | D:1      | Reached XP level 2. HP: 11/23 MP: 5/5
   433 | D:1      | Learned a level 2 spell: Blink
  1272 | D:2      | Reached XP level 3. HP: 13/29 MP: 1/6
  1274 | D:2      | HP: 1/29 [adder (2)]
  1274 | D:2      | Slain by a kobold

Illustrated notes

Levels and vault maps discovered:
D:1:      saegor_arrival_simple_b, layout_basic, dk_noncrumbling_3,
          minmay_quantized
D:2:      layout_basic, basic_ecumenical_altar, minmay_tiny_reverse_x,
          uniq_jessica

Action                   || total
-------------------------++-------
Melee: Falchion          ||    52
       Tailslap          ||     9
Throw: Boomerang         ||     3
 Cast: Blink             ||     2
 Abil: Rolling Charge    ||    13
Armor: Leather armour    ||    20
Dodge: Dodged            ||    30
       Rpst.: Falchion   ||     8

Table legend: (Time is in decaauts)
 A = Elapsed time spent in this place.
 B = Non-inter-level travel time spent in this place.
 C = Inter-level travel time spent in this place.
 D = Time resting spent in this place.
 E = Time spent auto-exploring this place.
 F = Levels seen in this place.
 G = Mean time per level.
                   A        B        C        D        E       F      G
               +--------+--------+--------+--------+--------+-----+--------+
         Total |   1283 |   1261 |     22 |      0 |   1138 |   2 |  641.5 |
       Dungeon |   1283 |   1261 |     22 |      0 |   1138 |   2 |  641.5 |
               +--------+--------+--------+--------+--------+-----+--------+

Top non-repeatable levels by time:
     D:1: 1272 daAuts
     D:2: 11 daAuts
